 Dungeon Crawl Stone Soup version 0.26.1-10-gdfb7c7de75 (webtiles) character file.

Game seed: 10342800317010979857

7592 DearestLeader the Reanimator (level 10, -4/85 HPs)
             Began as a Deep Dwarf Necromancer on Apr 11, 2021.
             Was a Believer of Makhleb.
             Shot with a bolt by an orc warrior (10 damage)
             ... in a bailey.
             The game lasted 00:29:33 (10929 turns).

DearestLeader the Reanimator (DDNe)                Turns: 10929, Time: 00:29:34

Health: -4/85      AC: 16    Str: 21    XL:     10   Next: 97%
Magic:  22/22 (13) EV: 11    Int: 19    God:    Makhleb [**....]
Gold:   528        SH:  0    Dex: 13    Spells: 4/13 levels left

rFire    . . .     SeeInvis .   j - +12 mace of Peace {holy, rN+ Str+3}
rCold    . . .     Faith    .   (no shield)
rNeg     + . .     Spirit   .   I - +0 swamp dragon scales
rPois    +         Reflect  .   E - +0 helmet
rElec    .         Harm     .   s - +2 cloak
rCorr    .         Rampage  .   q - +0 pair of gloves
Will     +....                  a - +1 pair of boots
Stlth    +.........             (no amulet)
HPRegen  0.00/turn              k - ring of magical power
MPRegen  0.18/turn              H - +6 ring of strength

@: non-regenerating
A: damage resistance, heal wounds, sense surroundings 2, no regeneration
a: Heal Wounds, Renounce Religion, Minor Destruction


You were in a bailey.
You worshipped Makhleb.
Makhleb was pleased with you.
You visited 2 branches of the dungeon, and saw 11 of its levels.
You also visited: Bailey.

You collected 582 gold pieces.
You spent 54 gold pieces at shops.

Inventory:

Hand Weapons
 j - the +12 mace of Peace (weapon) {holy, rN+ Str+3}
   (You found it on level 9 of the Dungeon)

   It has been blessed by the Shining One to cause great damage to the undead
   and demons.
   It affects your strength (+3).
   It protects you from negative energy.
 t - a +4 quarterstaff of chaos
 u - a +3 flail of protection
 J - a +2 hand axe of freezing
Missiles
 e - 4 poisoned darts (quivered)
Armour
 a - a +1 pair of boots (worn)
 d - a +2 leather armour of willpower
 q - a +0 pair of gloves (worn)
 s - a +2 cloak (worn)
 E - a +0 helmet (worn)
 I - +0 swamp dragon scales (worn)
Jewellery
 k - a ring of magical power (left hand)
 H - a +6 ring of strength (right hand)
Wands
 g - a wand of polymorph (7)
 o - a wand of flame (34)
 y - a wand of disintegration (13)
Scrolls
 b - 6 scrolls of teleportation
 c - 3 scrolls of amnesia
 h - 2 scrolls of fog {unknown}
 l - 7 scrolls of remove curse
 w - 4 scrolls of immolation
 x - 2 scrolls of blinking {unknown}
Potions
 f - 2 potions of haste
 i - a potion of heal wounds
 m - 2 potions of might
 n - a potion of cancellation {unknown}
 p - a potion of curing {unknown}
 z - a potion of attraction {unknown}
 A - a potion of magic {unknown}
 B - a potion of flight {unknown}
 C - 2 potions of mutation {unknown}
 F - 2 potions of lignification {unknown}


   Skills:
 + Level 3.7 Fighting
 + Level 7.3 Maces & Flails
 - Level 6.0 Armour
 - Level 2.1 Dodging
 - Level 2.4 Stealth
 - Level 2.0 Spellcasting
 * Level 14.3 Necromancy
 + Level 3.2 Invocations


You had 4 spell levels left.
You knew the following spells:

 Your Spells              Type           Power        Failure   Level
a - Pain                  Necr           100%         1%          1
b - Vampiric Draining     Necr           27%          1%          3
c - Animate Skeleton      Necr           100%         1%          1
d - Animate Dead          Necr           27%          1%          4

Your spell library contained the following spells:

 Spells                   Type           Power        Failure   Level
 Apportation              Tloc           2%           26%         1
 Lesser Beckoning         Tloc           0%           61%         3
 Tukima's Dance           Hex            1%           61%         3
 Agony                    Necr           54%          1%          5
 Alistair's Intoxication  Tmut/Pois      0%           100%        5
 Invisibility             Hex            1%           100%        6


Dungeon Overview and Level Annotations

Branches:
Dungeon (10/15)            Temple (1/1) D:5            Lair (0/6) D:10
    Orc (0/2) D:9          Bailey (1/1)

Altars:
Ashenzari
Cheibriados
Elyvilon
Fedhas
Gozag
Hepliaklqana
Kikubaaqudgha
Makhleb
Nemelex Xobeh
Okawaru
Qazlal
Ru
Sif Muna
Trog
Uskayaw
Vehumet
Wu Jian
Xom
Yredelemnul
Zin
The Shining One

Shops:
D:4 *


Innate Abilities, Weirdness & Mutations

You are resistant to damage.
You can heal yourself by infusing magical energy.
You passively map the area around you.
You do not regenerate.


Message History

You kill the orc!
Makhleb accepts your kill.
You feel better.
Casting: Pain (safe; 1% risk of failure)
Confirm with . or Enter, or press ? or * to list all spells.
Okay, then.
Items here: ( ) [ †.
Magic restored.
An orc warrior comes into view. It is wielding a +0 arbalest.
The orc warrior shoots a bolt.
The bolt hits you!
* * * LOW HITPOINT WARNING * * *
You see here a bolt.
You see here a bolt.
You see here 4 bolts.
The orc warrior shouts!
The orc warrior shoots a bolt.
The bolt hits you!!
* * * LOW HITPOINT WARNING * * *
You see here a bolt.
The orc warrior shoots a bolt.
The bolt hits you!
You die...

, , , ,,
#.......... , , ,
#........o ,
#.......≈≈≈≈ ....
#......≈≈#.# ≈....
#......≈##.##≈....,
,
#......≈..^..≈....
,
#......≈##)∩#≈.....
#.....@≈≈#(#.≈....#
*
#.....(.≈≈≈≈≈.....#
,
#.................
,
#..........)......
+
#.............##..
* ∩ #.........(...#
* #.........(...#*
, , #........((...#
* , #.........(...#


You could see an orc warrior.

Vanquished Creatures
  Erica (D:10)
  2 two-headed ogres (D:9)
  A gargoyle (D:10)
  Maggie (D:7)
  A troll (D:9)
  Sigmund (D:4)
  A wyvern (D:8)
  Edmund (D:4)
  An ice beast (D:5)
  2 sky beasts
  4 orc warriors
  A black bear (D:7)
  2 phantoms
  8 ogres
  2 centaurs (D:7)
  2 big kobolds (D:4)
  5 bullfrogs
  4 scorpions
  4 killer bees (D:8)
  11 wights
  4 howler monkeys
  A bullfrog zombie (D:7)
  A centaur zombie (D:6)
  2 jellies
  Crazy Yiuf (D:3)
  7 orc wizards
  7 orc priests
  2 centaur skeletons
  3 hounds
  Jessica (D:3)
  2 iguanas
  5 worker ants
  2 hound skeletons
  A howler monkey skeleton (D:6)
  7 adders
  13 gnolls (D:4)
  3 shadow imps
  2 white imps
  2 ufetubi (D:8)
  2 oozes
  An adder zombie (D:8)
  An adder skeleton (D:6)
  A worm (D:3)
  4 leopard geckos
  25 orcs
  4 bats
  3 giant cockroaches
  22 hobgoblins
  6 jackals
  2 quokkas
  2 ball pythons (D:3)
  4 frilled lizards
  29 goblins
  11 kobolds
  A quokka zombie (D:5)
  6 rats
245 creatures vanquished.

Vanquished Creatures (collateral kills)
  4 gnolls (D:4)
  2 goblins (D:4)
6 creatures vanquished.

Grand Total: 251 creatures vanquished

Notes
Turn   | Place    | Note
-------+----------+-------------------------------------------
     0 | D:1      | DearestLeader the Deep Dwarf Necromancer began the quest
                  | for the Orb.
     0 | D:1      | Reached XP level 1. HP: 15/15 MP: 3/3
   329 | D:1      | Reached XP level 2. HP: 19/22 MP: 1/4
   336 | D:1      | Reached skill level 5 in Necromancy
   997 | D:2      | Reached XP level 3. HP: 20/28 MP: 0/5
  1001 | D:2      | Learned a level 3 spell: Vampiric Draining
  1188 | D:2      | Learned a level 1 spell: Animate Skeleton
  1345 | D:2      | You fall into a shaft and drop 1 floor!
  1735 | D:3      | Reached skill level 6 in Necromancy
  1794 | D:3      | Found a basalt altar of Yredelemnul.
  1794 | D:3      | Found a broken altar of Ashenzari.
  1794 | D:3      | Found a shimmering blue altar of Sif Muna.
  1846 | D:3      | Reached XP level 4. HP: 36/36 MP: 7/7
  1930 | D:3      | Noticed Jessica
  1940 | D:3      | Killed Jessica
  2258 | D:3      | Found a runed translucent door.
  2259 | D:3      | Noticed Crazy Yiuf
  2266 | D:3      | Killed Crazy Yiuf
  2267 | D:3      | Reached XP level 5. HP: 42/42 MP: 4/8
  2550 | D:4      | Noticed an ogre
  2562 | D:4      | Killed an ogre
  2563 | D:4      | Reached skill level 7 in Necromancy
  2733 | D:4      | Noticed Edmund
  2749 | D:4      | Killed Edmund
  2750 | D:4      | Reached skill level 1 in Armour
  2750 | D:4      | Reached skill level 8 in Necromancy
  2750 | D:4      | Reached XP level 6. HP: 41/49 MP: 5/9
  2836 | D:4      | Found Hiwkoy's Assorted Antiques.
  2841 | D:4      | Bought a scroll labelled TELYTO JEQI for 18 gold pieces
  2841 | D:4      | Bought a scroll labelled JAASHI XYLOSEMICAO for 18 gold
                  | pieces
  2841 | D:4      | Bought a scroll labelled HUEMEF UCAYT for 18 gold pieces
  2860 | D:4      | You fall into a shaft and drop 1 floor!
  2860 | D:5      | Entered Level 5 of the Dungeon
  3504 | D:4      | Learned a level 4 spell: Animate Dead
  3632 | D:4      | Reached XP level 7. HP: 55/55 MP: 2/10
  3656 | D:4      | Reached skill level 9 in Necromancy
  4049 | D:4      | Noticed Sigmund
  4059 | D:4      | Killed Sigmund
  4853 | D:5      | Found a white marble altar of Elyvilon.
  4903 | D:5      | Found a staircase to the Ecumenical Temple.
  5083 | Temple   | Entered the Ecumenical Temple
  5332 | D:5      | Reached skill level 1 in Maces & Flails
  5332 | D:5      | Reached skill level 10 in Necromancy
  5332 | D:5      | Reached XP level 8. HP: 53/62 MP: 11/11
  5439 | D:5      | Found a burning altar of Makhleb.
  5529 | D:5      | Found a sacrificial altar of Ru.
  5575 | D:5      | Became a worshipper of Makhleb the Destroyer
  6199 | D:6      | Reached skill level 5 in Armour
  6460 | D:6      | Reached skill level 11 in Necromancy
  6770 | D:6      | Reached * piety under Makhleb
  6933 | D:7      | Gained mutation: You passively map the area around you.
                  | [Deep Dwarf growth]
  6933 | D:7      | Reached XP level 9. HP: 68/68 MP: 11/12
  6989 | D:7      | Noticed Maggie
  7234 | D:7      | Found a bloodstained altar of Trog.
  7234 | D:7      | Found an iron altar of Okawaru.
  7495 | D:7      | Reached skill level 12 in Necromancy
  7646 | D:7      | Killed Maggie
  7662 | D:7      | Reached skill level 5 in Maces & Flails
  8216 | D:8      | Reached skill level 13 in Necromancy
  8289 | D:8      | Found a blossoming altar of Fedhas.
  8839 | D:8      | Reached XP level 10. HP: 76/76 MP: 13/13
  8839 | D:8      | Reached ** piety under Makhleb
  9162 | D:9      | Reached skill level 1 in Fighting
  9330 | D:9      | Noticed a two-headed ogre
  9344 | D:9      | Killed a two-headed ogre
  9874 | D:9      | Found a staircase to the Orcish Mines.
  9914 | D:9      | Noticed a two-headed ogre
  9923 | D:9      | Killed a two-headed ogre
  9924 | D:9      | Reached skill level 14 in Necromancy
  9924 | D:9      | Reached skill level 1 in Invocations
 10144 | D:9      | Found an ornate altar of the Wu Jian Council.
 10203 | D:9      | Found a glowing silver altar of Zin.
 10218 | D:9      | Got a jewelled mace
 10218 | D:9      | Identified the +12 mace of Peace {holy, rN+ Str+3} (You
                  | found it on level 9 of the Dungeon)
 10405 | D:10     | Entered Level 10 of the Dungeon
 10409 | D:10     | Found a flagged portal.
 10411 | D:10     | Noticed a gargoyle
 10416 | D:10     | Noticed Erica
 10433 | D:10     | Killed a gargoyle
 10440 | D:10     | Killed Erica
 10543 | Bailey   | Entered a bailey
 10793 | Bailey   | HP: 3/85 [orc/bolt (5)]
 10929 | Bailey   | Shot with a bolt by an orc warrior

Illustrated notes

Levels and vault maps discovered:
D:1:      giann_horns, layout_basic
D:2:      layout_loops_ring, amethyst_overflow_temple_binary
D:3:      layout_rooms, gammafunk_temple_overflow_claw,
          chequers_serial_rivers_small_b, uniq_jessica, uniq_crazy_yiuf_cottage
D:4:      minmay_goblin_kobold_castle, layout_loops_ring, serial_shops, shop,
          eino_small_chamber_without_monster, moated_statue,
          chequers_serial_rivers_micro_c, uniq_sigmund, uniq_edmund
D:5:      layout_loops_corners, nicolae_ru_path_of_blood,
          makhleb_heckhound_becter, minmay_temple_entry_statues_fountains,
          elyvilon_altar_3
D:6:      layout_rooms
D:7:      layout_rooms, grunt_temple_overflow_bloody_war, minmay_door_square,
          minmay_misc_feat_cross, uniq_maggie
D:8:      layout_basic, fedhas_ov_isle_minmay
D:9:      layout_loops_ring, lemuel_crystal_altar, nzn_wu_jian_council_hall
D:10:     layout_stronghold, david_lair_generic, hellmonk_ghost_happy_afterlife,
          enter_bailey_5, uniq_erica, uniq_urug
Temple:   minmay_temple_curvy_loop
Bailey:   bailey_polearm_2, bailey

Skill      XL: |  1  2  3  4  5  6  7  8  9 10 |
---------------+-------------------------------+-----
Necromancy     | 5 6 8 10 11 13 14 | 14.3
Spellcasting   | 2 |  2.0
Armour         | 1 2 4 5 6 |  6.0
Maces & Flails | 1 3 5 7 |  7.3
Fighting       | 3 |  3.7
Invocations    | 3 |  3.2
Dodging        | |  2.1
Stealth        | |  2.4

Action                   |  1- 3 |  4- 6 |  7- 9 | 10-12 || total
-------------------------+-------+-------+-------+-------++-------
Melee: Hand axe          |    70 |    11 |       |       ||    81
       Mace              |       |     2 |       |    17 ||    19
       Flail             |       |    27 |   365 |   129 ||   521
Throw: Dart              |       |     5 |       |     8 ||    13
 Cast: Pain              |    39 |    23 |       |    32 ||    94
       Vampiric Draining |     5 |    36 |    94 |    48 ||   183
       Animate Skeleton  |     2 |     2 |       |       ||     4
       Animate Dead      |       |     1 |     7 |     2 ||    10
  Use: Scroll            |     3 |     2 |     1 |     4 ||    10
       Potion            |       |       |       |     1 ||     1
 Stab: Distracted        |       |     1 |       |       ||     1
       Sleeping          |       |       |     1 |       ||     1
Armor: Ring mail         |    53 |    54 |   261 |       ||   368
       Robe              |     2 |       |       |       ||     2
       Swamp dragon scal |       |       |    52 |   114 ||   166
Dodge: Dodged            |    62 |    58 |   371 |   164 ||   655
